[Event "Monday 29 January Rapid Engine Tour 12+1 Rounds 9 Starts 1600 ST"]
[Site "Infinity Chess"]
[Date "2018.1.29"]
[Round "2"]
[White "RonWeasley"]
[Black "Ninja_Bp"]
[Result "1/2-1/2"]
[ECO "C53"]
[WhiteElo "2457"]
[BlackElo "2448"]
[WhiteEngine "BrainFish 060118_CTG"]
[BlackEngine "Houdini 6_CTG"]
[EventType "Swiss"]
[WhiteTeam ""]
[BlackTeam ""]
[PlyCount "158"]
[TimeControl "720+1"]

1. e4 e5 2. Nf3 Nc6 3. Bc4 Bc5 4. c3 Nf6 5. d3 d6 6. Bb3 h6 7. O-O a6 
8. Nbd2 O-O 9. h3 Ba7 10. Re1 Re8 11. a4 Be6 12. Bxe6 Rxe6 13. b4 d5 14. Qc2 Qd7 
15. Nb3 Rae8 16. Bd2 Rd8 17. b5 Ne7 18. c4 dxc4 19. dxc4 Ng6 20. c5 Qd3 
21. Qb1 Qxb1 22. Raxb1 Rd3 23. Bb4 Re8 24. Nfd2 Nf4 25. Nc4 Rdd8 26. b6 Bb8 
27. Re3 cxb6 28. cxb6 Ne6 29. Rc1 Rd7 30. g3 Red8 31. Kg2 Ne8 32. Rec3 f6 
33. f3 Kf7 34. Kf2 h5 35. Ne3 g6 36. h4 Rd3 37. Nd5 Rxc3 38. Rxc3 Bd6 
39. Bxd6 Nxd6 40. Nc5 Nxc5 41. Rxc5 Ke6 42. Nc7+ Kd7 43. Ke3 f5 44. a5 fxe4 
45. fxe4 Nf7 46. Nd5 Rc8 47. Nf6+ Kd8 48. Rd5+ Ke7 49. Nd7 Rd8 50. Nc5 Rxd5 
51. exd5 Nd8 52. Ne4 Nf7 53. Kf3 Kd8 54. g4 hxg4+ 55. Kxg4 Ke7 56. Kf3 Nd8 
57. Ke3 Nf7 58. Kd3 Nd8 59. Kc4 Nf7 60. Nc3 Kd6 61. Nd1 Kd7 62. Kc5 Ke7 
63. Kb4 Nd6 64. Kc5 Nf5 65. Nf2 Nxh4 66. Ne4 Nf5 67. d6+ Kd7 68. Kd5 Ne3+ 
69. Kxe5 Nc4+ 70. Kd5 Ne3+ 71. Kd4 Nf5+ 72. Ke5 Kc6 73. Ke6 Nd4+ 74. Kf7 Nf5 
75. Kxg6 Nxd6 76. Nxd6 Kxd6 77. Kf5 Kd5 78. Kf4 Kd4 79. Kf5 Kd5 1/2-1/2

[Event "Monday 29 January Rapid Engine Tour 12+1 Rounds 9 Starts 1600 ST"]
[Site "Infinity Chess"]
[Date "2018.1.29"]
[Round "2"]
[White "MarioDeMonti"]
[Black "Marsell"]
[Result "1/2-1/2"]
[ECO "C55"]
[WhiteElo "2462"]
[BlackElo "2459"]
[WhiteEngine "stockfish_x64_bmi2_2018_01_13_CTG"]
[BlackEngine "asmFishW_2018-01-11_popcnt"]
[EventType "Swiss"]
[WhiteTeam ""]
[BlackTeam ""]
[PlyCount "198"]
[TimeControl "720+1"]

1. e4 e5 2. Nf3 Nc6 3. Bc4 Nf6 4. d3 Bc5 5. c3 d6 6. O-O O-O 7. Bg5 h6 8. Bh4 a6 
9. Nbd2 Ba7 10. Bb3 Na5 11. Ba4 g5 12. Bg3 Nh5 13. b4 Nxg3 14. hxg3 Nc6 
15. Bxc6 bxc6 16. Nb3 Re8 17. Qd2 Rb8 18. Rfe1 Bd7 19. Rac1 Qe7 20. a3 Qe6 
21. Na5 Bb6 22. Nc4 Ba7 23. Rcd1 Kg7 24. Ra1 Qg6 25. a4 Kh8 26. a5 Kg8 
27. Ne3 Rb7 28. Rad1 c5 29. bxc5 Bxc5 30. Nd5 Be6 31. d4 exd4 32. cxd4 Bxd5 
33. dxc5 Bxe4 34. cxd6 cxd6 35. Qxd6 Rb5 36. Qxg6+ fxg6 37. Rd6 Rxa5 
38. Nd2 Rae5 39. Nxe4 Rxe4 40. Rxe4 Rxe4 41. Rxg6+ Kh7 42. Rxa6 h5 43. f3 Rb4 
44. Ra5 Kg6 45. Kh2 Rb2 46. Rd5 g4 47. f4 Rb4 48. Rc5 Re4 49. Rb5 Ra4 
50. Rb6+ Kg7 51. Rb3 Kg6 52. Rb6+ Kf7 53. Rb5 Kg6 54. Rc5 Re4 55. Rg5+ Kh6 
56. Rd5 Re3 57. Rd2 Rb3 58. Rc2 Re3 59. Rc8 Ra3 60. Re8 Kg6 61. Re5 Ra2 
62. Rg5+ Kh6 63. Rb5 Kg6 64. Re5 Rd2 65. Re6+ Kg7 66. Re5 Kg6 67. Re3 Ra2 
68. Rc3 Ra8 69. Rc6+ Kg7 70. Rc7+ Kf6 71. Rc5 Kg6 72. Rg5+ Kh6 73. Re5 Ra3 
74. Re6+ Kg7 75. Re1 Kg6 76. Re6+ Kh7 77. Rc6 Ra5 78. Rd6 Ra1 79. Rc6 Ra3 
80. Rc4 Kg6 81. Re4 Ra7 82. Re6+ Kg7 83. Re5 Kh6 84. Re3 Kg6 85. Rb3 Kf7 
86. Rb5 Kg6 87. Rg5+ Kh6 88. Rd5 Ra3 89. Rd6+ Kg7 90. f5 Ra8 91. Rg6+ Kf7 
92. Rh6 Ra2 93. Rxh5 Kf6 94. Rh6+ Kxf5 95. Rh8 Kg6 96. Rh4 Ra4 97. Rh8 Ra1 
98. Rg8+ Kh5 99. Rg5+ Kxg5 1/2-1/2

[Event "Monday 29 January Rapid Engine Tour 12+1 Rounds 9 Starts 1600 ST"]
[Site "Infinity Chess"]
[Date "2018.1.29"]
[Round "2"]
[White "Eman"]
[Black "Vimtiroba"]
[Result "1/2-1/2"]
[ECO "D31"]
[WhiteElo "2491"]
[BlackElo "2471"]
[WhiteEngine "Eman 1.68c 64-bit POPCNT"]
[BlackEngine "SF@Infinity_CTG"]
[EventType "Swiss"]
[WhiteTeam ""]
[BlackTeam ""]
[PlyCount "317"]
[TimeControl "720+1"]

1. d4 d5 2. c4 e6 3. Nc3 c6 4. e3 a6 5. Nf3 Nf6 6. b3 Bb4 7. Bd2 Nbd7 8. Bd3 Bd6 
9. O-O O-O 10. Re1 b6 11. Qc2 Qc7 12. e4 dxc4 13. bxc4 e5 14. d5 Re8 
15. Rab1 Rb8 16. Qd1 a5 17. Bc2 Bb7 18. Bb3 Bb4 19. dxc6 Qxc6 20. Nd5 Bxd2 
21. Ba4 Qc5 22. Nxd2 Bc6 23. Bxc6 Qxc6 24. Rb2 g6 25. Qb1 Kg7 26. Rd1 Red8 
27. h3 Ne8 28. Qd3 Nef6 29. Qe2 Qd6 30. Rb5 Nc5 31. g3 Nfd7 32. Kg2 Qc6 
33. Rb2 Ne6 34. Nf3 f6 35. Rbd2 Ndc5 36. Rb1 Rd7 37. Rc2 Rdb7 38. Qe3 Nd7 
39. Rbb2 Qc5 40. Qd2 Qa3 41. Qe2 Ndc5 42. Rc3 Qa4 43. Rcc2 Qc6 44. Rc1 Nd7 
45. Qe3 Qc5 46. Qc3 Rc8 47. Rbb1 Rbb8 48. Qd2 Rd8 49. Rb5 Qd6 50. Qe2 Qc6 
51. Ne7 Qc7 52. Rd1 Rb7 53. h4 h5 54. Kh2 Re8 55. Nd5 Qc6 56. Rb2 Qc5 
57. Rb5 Qc6 58. Rb2 Qc5 59. Nc3 Qc6 60. Nb5 Rbb8 61. Rd6 Qb7 62. Rd5 Qc6 
63. Rbd2 Ndc5 64. Ne1 Re7 65. Nd3 Qc8 66. Qe3 Nxd3 67. Qxd3 Nc5 68. Qe2 Qg4 
69. f3 Qc8 70. Kg2 Nb7 71. Nc3 Qc6 72. Nd1 Rf8 73. Ne3 Nc5 74. Rd1 Qc7 
75. R5d2 Ref7 76. Nd5 Qc6 77. Rb2 Rb8 78. Rf1 Na4 79. Rbb1 Nc5 80. Kh2 Rff8 
81. Rb2 Na4 82. Rd2 Nc5 83. Qg2 Qc8 84. Ne3 Rd8 85. Nd5 Qe6 86. Re2 Rf8 
87. Re3 f5 88. exf5 Rxf5 89. f4 Nd7 90. fxe5 Rbf8 91. Nf4 Qxc4 92. Re4 Qc6 
93. Qe2 Nc5 94. Rd4 Kh7 95. Qc2 Qb7 96. Rdd1 Rc8 97. Qb1 Ne4 98. e6 Kh6 
99. Qd3 Rc3 100. Qd7 Rc2+ 101. Kh3 Qc8 102. Qxc8 Rxc8 103. Rd5 b5 104. Re1 Rxd5 
105. Nxd5 Nd6 106. Nf4 Rc5 107. e7 Ne8 108. Re6 Kg7 109. Ra6 Re5 110. Rxa5 Kf7 
111. Ra7 Re1 112. Rb7 Rh1+ 113. Kg2 Ra1 114. Ra7 b4 115. Ra4 Nc7 116. Rxb4 Rxa2+ 
117. Kh3 Ra6 118. Rc4 Ne8 119. Re4 Nf6 120. Re2 Rc6 121. Rf2 Ng4 122. Re2 Nf6 
123. e8=Q+ Nxe8 124. Nd3 Rc3 125. Ne5+ Kg7 126. Nd7 Rc7 127. Rxe8 Rxd7 
128. Re3 Rd2 129. g4 Rd4 130. g5 Rf4 131. Ra3 Rf7 132. Kg3 Re7 133. Ra1 Kf7 
134. Rb1 Kg7 135. Rb6 Re3+ 136. Kf4 Re7 137. Rf6 Re1 138. Rd6 Rf1+ 139. Ke3 Ra1 
140. Kd4 Ra4+ 141. Ke5 Rxh4 142. Rd1 Kf7 143. Rd7+ Kg8 144. Rd8+ Kf7 
145. Rd1 Rb4 146. Rd7+ Kg8 147. Rd5 Rb7 148. Ra5 Kf7 149. Kd6 h4 150. Rc5 Ra7 
151. Rc1 Rb7 152. Ra1 h3 153. Ra5 h2 154. Ra1 Rb6+ 155. Ke5 h1=Q 156. Rxh1 Kg7 
157. Ra1 Rb5+ 158. Kf4 Rb4+ 159. Kf3 1/2-1/2

[Event "Monday 29 January Rapid Engine Tour 12+1 Rounds 9 Starts 1600 ST"]
[Site "Infinity Chess"]
[Date "2018.1.29"]
[Round "2"]
[White "MCDermont"]
[Black "CrapCleaner"]
[Result "1/2-1/2"]
[ECO "C55"]
[WhiteElo "2499"]
[BlackElo "2407"]
[WhiteEngine "BrainFish 060118_CTG"]
[BlackEngine "Raubfisch ME262_GTZ16b4_CTG"]
[EventType "Swiss"]
[WhiteTeam ""]
[BlackTeam ""]
[PlyCount "191"]
[TimeControl "720+1"]

1. e4 e5 2. Nf3 Nc6 3. Bc4 Nf6 4. d3 Bc5 5. c3 O-O 6. O-O d6 7. Bb3 h6 
8. Nbd2 a5 9. h3 Be6 10. Ba4 Qb8 11. Bb5 Qa7 12. a4 Ne7 13. Bc4 Bd7 14. Nh4 c6 
15. Bb3 Rae8 16. Nc4 Be6 17. Qe2 Ng6 18. Nxg6 fxg6 19. Be3 Kh7 20. Bxc5 dxc5 
21. Kh2 b6 22. g3 Qc7 23. Kg2 g5 24. Ba2 g6 25. Ne3 Bc8 26. f3 Kg7 27. Rf2 Qe7 
28. Nc4 Qc7 29. Ne3 h5 30. Rh1 h4 31. g4 Rd8 32. Bc4 Ne8 33. Qd2 Nd6 34. Qc2 Qe7 
35. Rb1 Qf6 36. Qe2 Bd7 37. Rff1 Kh6 38. Qf2 Qe7 39. Qe1 Bc8 40. Qe2 Ne8 
41. Kh1 Ng7 42. Rbd1 Qc7 43. Qh2 Ne6 44. Bxe6 Bxe6 45. c4 Rd7 46. b3 Rfd8 
47. Qe2 Qd6 48. Rd2 Qf8 49. Kg1 Qf4 50. Rfd1 Rh7 51. Qf2 Qf6 52. Rf1 Rhd7 
53. Rfd1 Rf7 54. Rf1 Kg7 55. Nc2 Rd6 56. Na3 Qf4 57. Kg2 Rd8 58. Rfd1 Rfd7 
59. Kg1 Kh7 60. Kg2 Kg7 61. Kg1 Rc7 62. Kg2 Rf7 63. Nb1 Rdf8 64. Rf1 Kf6 
65. Nc3 Ke7 66. Rc2 Qf6 67. Ne2 Rd8 68. Qe3 Kf8 69. Kf2 Rd6 70. Ke1 Rfd7 
71. Rc3 Kg8 72. Kf2 Qe7 73. Nc1 Kf7 74. Ke1 Ke8 75. Kd2 Kf7 76. Ne2 Qd8 
77. Rd1 Rd4 78. Ke1 R4d6 79. Kd2 Rd4 80. Ke1 Kg7 81. Kf2 Kg8 82. Kg2 Kg7 
83. Rd2 R4d6 84. Kh1 Qf6 85. Rc1 Rd8 86. Rcd1 R6d7 87. Rb1 Rd6 88. Rc1 Bd7 
89. Kh2 Bc8 90. Kh1 Kh6 91. Kh2 Re6 92. Kg1 Kg7 93. Rf1 Red6 94. Kg2 Kh6 
95. Rg1 Qg7 96. Rf1 1/2-1/2

[Event "Monday 29 January Rapid Engine Tour 12+1 Rounds 9 Starts 1600 ST"]
[Site "Infinity Chess"]
[Date "2018.1.29"]
[Round "1"]
[White "ivrdurant"]
[Black "Ninja_Bp"]
[Result "1/2-1/2 "]
[ECO "B90"]
[WhiteElo "2356"]
[BlackElo "2452"]
[WhiteEngine "Raubfisch X37b3._CTG"]
[BlackEngine "Houdini 6_CTG"]
[EventType "Swiss"]
[WhiteTeam ""]
[BlackTeam ""]
[PlyCount "238"]
[TimeControl "720+1"]

1. e4 c5 2. Nf3 d6 3. d4 cxd4 4. Nxd4 Nf6 5. Nc3 a6 6. Be3 e5 7. Nb3 Be6 
8. Be2 Be7 9. Qd3 O-O 10. O-O Nbd7 11. Nd5 Bxd5 12. exd5 Ne8 13. a4 Rc8 
14. c4 f5 15. a5 g6 16. Bh6 Rf7 17. Qe3 Ng7 18. Nd2 f4 19. Qh3 Nf5 20. Bg4 Bh4 
21. Bxf5 Rxf5 22. g4 Rf7 23. b4 g5 24. Ne4 f3 25. Nxd6 Rf6 26. Nf5 Rxc4 
27. Rac1 Rf4 28. Rc3 R4xf5 29. gxf5 Rxh6 30. Qxf3 Nf8 31. Rfc1 Qd6 32. Qe4 Rf6 
33. Rc7 Rf7 34. Rxf7 Kxf7 35. Rc8 g4 36. h3 Be7 37. hxg4 h6 38. Qc4 Qxb4 
39. Qxb4 Bxb4 40. Rc7+ Kf6 41. Rxb7 Bxa5 42. d6 e4 43. Kf1 Bd2 44. Ke2 Bf4 
45. d7 Ke7 46. Rb4 Kxd7 47. Rxe4 Bd6 48. Ra4 Nh7 49. f4 a5 50. Kf3 Bb4 
51. Ra1 Kc7 52. Rc1+ Kd7 53. Rc4 Bd6 54. Ra4 Bb4 55. Ra1 Kc7 56. Rc1+ Kd7 
57. Rh1 Bf8 58. Ra1 Ke7 59. Rxa5 Kf7 60. Ra6 Bg7 61. Rd6 Bf8 62. Rb6 Bg7 
63. Rg6 Kf8 64. Rd6 Ke7 65. Re6+ Kf8 66. Kg3 Bf6 67. Re4 Kg8 68. Re6 Kf8 
69. Re2 Be7 70. Rh2 Kg7 71. Rd2 Kf6 72. Rd7 Kf7 73. Ra7 Kf8 74. Ra6 Nf6 
75. Kf3 Kg7 76. Ra7 Kf8 77. Ra6 Kg7 78. Ra7 Kf8 79. Ra2 Kg7 80. Re2 Kf8 
81. Re6 Bd8 82. Ra6 Be7 83. g5 hxg5 84. fxg5 Nh7 85. g6 Nf6 86. Kf4 Nh5+ 
87. Ke5 Kg7 88. Ke6 Bc5 89. Rc6 Bd4 90. Rc4 Ba1 91. Rh4 Nf6 92. Ra4 Bb2 
93. Ra2 Bd4 94. Re2 Nh5 95. Re4 Bc3 96. Rh4 Nf6 97. Rf4 Kg8 98. Rf3 Bb2 
99. Rg3 Bd4 100. Rd3 Bb2 101. Rh3 Bd4 102. Rd3 Bb2 103. Rh3 Bd4 104. Rb3 Kg7 
105. Rb1 Kg8 106. Rb4 Bc3 107. Rb3 Ba1 108. Rb8+ Kg7 109. Rb1 Bc3 110. Rb7+ Kg8 
111. Kd6 Ne4+ 112. Ke7 Nf6 113. Kd6 Ne4+ 114. Ke7 Nf6 115. Rb3 Nd5+ 116. Kd7 Bd4 
117. Rb5 Nf6+ 118. Kd6 Ne4+ 119. Ke7 Nf6 1/2-1/2

[Event "Monday 29 January Rapid Engine Tour 12+1 Rounds 9 Starts 1600 ST"]
[Site "Infinity Chess"]
[Date "2018.1.29"]
[Round "1"]
[White "KhalidOmar"]
[Black "Satria_Ungu"]
[Result "1-0"]
[ECO "C65"]
[WhiteElo "2457"]
[BlackElo "2361"]
[WhiteEngine "Eman 1.68c 64-bit BMI2"]
[BlackEngine "Houdini 6_CTG"]
[EventType "Swiss"]
[WhiteTeam ""]
[BlackTeam ""]
[PlyCount "181"]
[TimeControl "720+1"]

1. e4 e5 2. Nf3 Nc6 3. Bb5 Nf6 4. O-O Nxe4 5. Re1 Nd6 6. Nxe5 Be7 7. Bf1 Nxe5 
8. Rxe5 O-O 9. Nc3 Ne8 10. Nd5 Bh4 11. g3 c6 12. gxh4 cxd5 13. Rxd5 b6 
14. Rg5 Bb7 15. b3 g6 16. d4 Qf6 17. Rg3 Ng7 18. Bg5 Qd6 19. c4 f6 20. Bh6 Rfe8 
21. Bxg7 Kxg7 22. d5 f5 23. h5 Qf6 24. Bd3 f4 25. Rg2 g5 26. h4 h6 27. Bc2 d6 
28. Rc1 Re5 29. hxg5 hxg5 30. h6+ Kf7 31. Qh5+ Kg8 32. Qg6+ Qxg6 33. Bxg6 Kh8 
34. Rh2 Rc8 35. Rb1 b5 36. a4 bxa4 37. bxa4 Ba6 38. f3 Bxc4 39. Rc2 Rg8 
40. Rxc4 Rxg6 41. Rc8+ Rg8 42. Rc7 a5 43. Rd7 Ree8 44. Rxd6 g4 45. fxg4 Rxg4+ 
46. Kf2 Rf8 47. Rb7 Rh4 48. Rdb6 Rh2+ 49. Kf3 Rd2 50. Rb5 Rd1 51. Rxa5 Rd3+ 
52. Ke4 Re3+ 53. Kd4 Rh3 54. Raa7 Rxh6 55. Ke4 Rh1 56. Rf7 Re8+ 57. Kxf4 Rd1 
58. Rh7+ Kg8 59. Rhg7+ Kh8 60. Rh7+ Kg8 61. Rhd7 Rde1 62. Kg3 R8e3+ 63. Kg4 Re4+ 
64. Kg5 Re8 65. a5 Rg1+ 66. Kf4 Rge1 67. a6 Rf8+ 68. Kg3 Rg1+ 69. Kh2 Rg6 
70. Kh3 Rc8 71. d6 Rh6+ 72. Kg4 Rg6+ 73. Kf5 Rg1 74. Re7 Rd8 75. Rab7 Rf1+ 
76. Ke4 Re1+ 77. Kd5 Rf1 78. Rg7+ Kf8 79. Rh7 Rd1+ 80. Ke4 Re8+ 81. Rbe7 Re1+ 
82. Kd3 Rd1+ 83. Ke2 Re1+ 84. Kxe1 Kg8 85. Rxe8+ Kxh7 86. Rf8 Kg7 87. Rf1 Kh8 
88. d7 Kg7 89. d8=Q Kh7 90. Qg5 Kh8 91. Rh1# 1-0

[Event "Monday 29 January Rapid Engine Tour 12+1 Rounds 9 Starts 1600 ST"]
[Site "Infinity Chess"]
[Date "2018.1.29"]
[Round "1"]
[White "star99"]
[Black "RonWeasley"]
[Result "1/2-1/2"]
[ECO "E20"]
[WhiteElo "2369"]
[BlackElo "2461"]
[WhiteEngine "Cryptic AIL V2"]
[BlackEngine "BrainFish 060118_CTG"]
[EventType "Swiss"]
[WhiteTeam ""]
[BlackTeam ""]
[PlyCount "110"]
[TimeControl "720+1"]

1. d4 Nf6 2. c4 e6 3. Nc3 d5 4. Nf3 c6 5. Bg5 h6 6. Bh4 dxc4 7. e4 g5 8. Bg3 b5 
9. Be2 Bb7 10. O-O Nbd7 11. Ne5 Bg7 12. Nxd7 Nxd7 13. Bd6 a6 14. Bh5 Bf8 
15. Bg3 Nf6 16. e5 Nxh5 17. Qxh5 Be7 18. Rfd1 Kf8 19. Ne4 Rh7 20. Nd6 Qd7 
21. f4 Kg8 22. Rd2 Rf8 23. Rad1 a5 24. Ne4 a4 25. fxg5 hxg5 26. Qg4 Qd8 
27. Rf1 Kh8 28. Nf6 Bxf6 29. exf6 Rg8 30. Re2 c5 31. dxc5 Qd3 32. Re5 Rh6 
33. h3 Kh7 34. Rf2 a3 35. bxa3 c3 36. Re1 c2 37. Rc1 Be4 38. c6 Qe3 39. Kh2 Bxg2 
40. Kxg2 Qxc1 41. Qe4+ Rhg6 42. Rxc2 Qxa3 43. c7 Rc8 44. Kh2 g4 45. h4 Qf3 
46. Qe5 Qxf6 47. Qxb5 Qf5 48. Rc5 Qf3 49. Rh5+ Rh6 50. Rxh6+ Kxh6 51. Qg5+ Kh7 
52. Qh5+ Kg8 53. Qg5+ Kh7 54. Qh5+ Kg8 55. Qg5+ Kh7 1/2-1/2

[Event "Monday 29 January Rapid Engine Tour 12+1 Rounds 9 Starts 1600 ST"]
[Site "Infinity Chess"]
[Date "2018.1.29"]
[Round "1"]
[White "Marsell"]
[Black "Dovahkiin"]
[Result "1/2-1/2"]
[ECO "C53"]
[WhiteElo "2462"]
[BlackElo "2386"]
[WhiteEngine "asmFishW_2018-01-11_popcnt"]
[BlackEngine "BrainFish_180128_x64_modern_CTG"]
[EventType "Swiss"]
[WhiteTeam ""]
[BlackTeam ""]
[PlyCount "140"]
[TimeControl "720+1"]

1. e4 e5 2. Nf3 Nc6 3. Bc4 Bc5 4. c3 Nf6 5. d3 d6 6. O-O a5 7. Bg5 Ba7 
8. Nbd2 h6 9. Bh4 g5 10. Bg3 O-O 11. a3 Kg7 12. Re1 g4 13. Nh4 Nh5 14. Nf1 Qf6 
15. Ne3 Bxe3 16. fxe3 Qg5 17. d4 Ne7 18. Bf2 Ng6 19. Nf5+ Bxf5 20. exf5 Qxf5 
21. e4 Qg5 22. g3 f5 23. exf5 Qxf5 24. Be3 Qf3 25. dxe5 Nxe5 26. Bd4 Rae8 
27. Be2 Kg6 28. Qb1+ Qf5 29. Bxe5 Qxb1 30. Raxb1 Rxe5 31. Bxg4 Rfe8 
32. Rxe5 Rxe5 33. Bf3 b6 34. Kf2 Nf6 35. Rd1 h5 36. h3 Rc5 37. Re1 b5 
38. Re3 Kf7 39. b4 axb4 40. axb4 Rf5 41. Kg1 Nd5 42. Rd3 Ne7 43. Kg2 Re5 
44. h4 Ke6 45. Kf2 Rf5 46. Re3+ Kf7 47. Ke2 Nd5 48. Rd3 Ne7 49. Bg2 Re5+ 
50. Re3 Kf6 51. Rxe5 Kxe5 52. Kf2 Kf6 53. Bh1 Ke6 54. Bf3 Ke5 55. Bxh5 Nd5 
56. Bf3 Nxc3 57. g4 c5 58. bxc5 dxc5 59. g5 b4 60. h5 Kf5 61. h6 Kg6 
62. Bh5+ Kh7 63. Kf3 b3 64. Bg4 b2 65. Bf5+ Kg8 66. g6 b1=Q 67. Bxb1 Nxb1 
68. Ke3 Nc3 69. Kf4 c4 70. Ke5 Nb5 1/2-1/2

[Event "Monday 29 January Rapid Engine Tour 12+1 Rounds 9 Starts 1600 ST"]
[Site "Infinity Chess"]
[Date "2018.1.29"]
[Round "1"]
[White "KULLANI"]
[Black "MarioDeMonti"]
[Result "1/2-1/2"]
[ECO "C55"]
[WhiteElo "2395"]
[BlackElo "2465"]
[WhiteEngine "BrainFish_180124_x64_CTG"]
[BlackEngine "stockfish_x64_bmi2_2018_01_13_CTG"]
[EventType "Swiss"]
[WhiteTeam ""]
[BlackTeam ""]
[PlyCount "113"]
[TimeControl "720+1"]

1. e4 e5 2. Nf3 Nc6 3. Bc4 Nf6 4. d3 Bc5 5. c3 d6 6. O-O O-O 7. Bg5 h6 8. Bh4 g5 
9. Bg3 a5 10. a4 Kg7 11. Na3 Ne7 12. Nc2 Bb6 13. Re1 Ng6 14. d4 Nxe4 15. Rxe4 f5 
16. Re1 f4 17. Bd3 fxg3 18. fxg3 g4 19. Nd2 Be6 20. Bxg6 Kxg6 21. Kh1 Qg5 
22. Na3 Kg7 23. Ndc4 Ba7 24. b3 Rad8 25. Nxa5 Rf2 26. Nb5 Bb6 27. Nc4 Bxc4 
28. bxc4 Ba5 29. c5 dxc5 30. Rxe5 Qxe5 31. dxe5 Rxd1+ 32. Rxd1 Rf5 33. Rd7+ Kg6 
34. Kg1 Rxe5 35. Nxc7 Bxc3 36. Nb5 Ba5 37. Rxb7 Re4 38. Ra7 Rxa4 39. Ra6+ Kg7 
40. h3 c4 41. hxg4 c3 42. Rc6 Rxg4 43. Kh2 c2 44. Kh3 Rg6 45. Rxc2 Be1 
46. Rc7+ Kg8 47. g4 h5 48. Rc8+ Kh7 49. gxh5 Rg3+ 50. Kh2 Rg5 51. Rc7+ Kg8 
52. Rc8+ Kf7 53. Nd6+ Ke6 54. Re8+ Kxd6 55. Rxe1 Rxh5+ 56. Kg3 Rh8 57. Re2 
1/2-1/2

[Event "Monday 29 January Rapid Engine Tour 12+1 Rounds 9 Starts 1600 ST"]
[Site "Infinity Chess"]
[Date "2018.1.29"]
[Round "1"]
[White "Vimtiroba"]
[Black "Thinker"]
[Result "1/2-1/2"]
[ECO "C50"]
[WhiteElo "2474"]
[BlackElo "2401"]
[WhiteEngine "SF@Infinity_CTG"]
[BlackEngine "BrainFish_180124_x64_modern_CTG"]
[EventType "Swiss"]
[WhiteTeam ""]
[BlackTeam ""]
[PlyCount "220"]
[TimeControl "720+1"]

1. e4 e5 2. Nf3 Nc6 3. Bc4 Bc5 4. d3 Nf6 5. c3 O-O 6. O-O d6 7. Re1 h6 8. h3 a5 
9. Nbd2 Bb6 10. Bb5 Be6 11. Nf1 Ne7 12. Ng3 Ng6 13. d4 exd4 14. cxd4 d5 
15. e5 Ne4 16. Bd3 Nxg3 17. fxg3 c5 18. Be3 cxd4 19. Bf2 Re8 20. Bxg6 fxg6 
21. Bxd4 Ra6 22. g4 g5 23. Qd2 Bc7 24. Rac1 a4 25. Qd3 Qd7 26. Rc5 Bd8 
27. Rec1 Rf8 28. Rd1 Bf7 29. Qe2 a3 30. bxa3 h5 31. Nh2 hxg4 32. Nxg4 Be6 
33. Ne3 g4 34. Nxg4 Rxa3 35. Rc2 Rf4 36. Nf2 Rg3 37. Kh2 Bh4 38. Nh1 Rg6 
39. Bf2 Qe7 40. Bg3 Re4 41. Qf2 Qg5 42. Rd3 Kh7 43. Kg1 Bxg3 44. Nxg3 Rf4 
45. Qe1 b5 46. Rf2 Rxf2 47. Qxf2 Qxe5 48. Re3 Qd4 49. Kh2 b4 50. Ne2 Qb6 
51. Qh4+ Rh6 52. Qg3 d4 53. Re4 Bxa2 54. Rxd4 b3 55. Qd3+ Qg6 56. Qb5 Qa6 
57. Qf5+ Qg6 58. Qb5 Qf6 59. Rb4 Qd6+ 60. Ng3 Rg6 61. Rh4+ Rh6 62. Rg4 Kh8 
63. Rg5 Re6 64. Qc4 Kh7 65. Qh4+ Kg8 66. Qc4 Kh7 67. Rh5+ Rh6 68. Ra5 Rf6 
69. Qe4+ Kg8 70. Rh5 g6 71. Re5 b2 72. Qa8+ Kh7 73. Qb7+ Bf7 74. Qxb2 Rf4 
75. Re3 Rb4 76. Qa3 Qb8 77. Qa5 Rb3 78. Re5 Kg8 79. Qc5 Rd3 80. Qe7 Rd5 
81. Re3 Rd2 82. Re5 Rd5 83. Re3 Rd2 84. Qf6 Qb2 85. Qc6 Qd4 86. Re4 Qd6 
87. Qxd6 Rxd6 88. Rb4 Rd3 89. Ne4 Bd5 90. g4 Kf7 91. g5 Rf3 92. Nf6 Bc6 
93. Rc4 Ba8 94. Rc8 Ra3 95. Ng4 Ke6 96. Rf8 Ra2+ 97. Kg1 Ra1+ 98. Kf2 Ra2+ 
99. Kg3 Ra3+ 100. Kf2 Ke7 101. Rc8 Bd5 102. Ne3 Be6 103. Rh8 Ra4 104. Rh6 Kf7 
105. h4 Kg7 106. h5 Bf7 107. hxg6 Bxg6 108. Nd1 Ra5 109. Ke2 Rxg5 
110. Rxg6+ Kxg6 1/2-1/2

[Event "Monday 29 January Rapid Engine Tour 12+1 Rounds 9 Starts 1600 ST"]
[Site "Infinity Chess"]
[Date "2018.1.29"]
[Round "1"]
[White "Dinkelberger"]
[Black "Eman"]
[Result "1/2-1/2"]
[ECO "C65"]
[WhiteElo "2425"]
[BlackElo "2494"]
[WhiteEngine "stockfish_18012814_x64_modern_CTG"]
[BlackEngine "Eman 1.68c 64-bit POPCNT"]
[EventType "Swiss"]
[WhiteTeam ""]
[BlackTeam ""]
[PlyCount "113"]
[TimeControl "720+1"]

1. e4 e5 2. Nf3 Nc6 3. Bb5 Nf6 4. O-O Nxe4 5. Re1 Nd6 6. Bf1 f6 7. d4 Nf7 
8. dxe5 fxe5 9. Bc4 d6 10. Nc3 Be7 11. a4 O-O 12. Nd5 Be6 13. c3 Qd7 14. a5 Ncd8 
15. Ra4 c6 16. Nxe7+ Qxe7 17. Bd3 Qf6 18. h4 Bf5 19. Bg5 Nxg5 20. hxg5 Qe7 
21. Bxf5 Rxf5 22. Nh4 Rf8 23. f4 Ne6 24. fxe5 d5 25. g6 h6 26. Qg4 Qc5+ 
27. Kh2 Rae8 28. Rb4 b5 29. axb6 a5 30. Ra4 Qxb6 31. Re2 Qb8 32. Nf5 Ng5 
33. Rf4 Qc8 34. Ref2 Qe6 35. Qh5 Qxe5 36. Kg1 Rd8 37. Rf1 Rde8 38. R4f2 a4 
39. Rf4 Qb8 40. Qh4 Qe5 41. Kh1 Qe2 42. R4f2 Qe5 43. Qd4 Kh8 44. Qxe5 Rxe5 
45. Ne7 Rf6 46. Rxf6 gxf6 47. Nxc6 Re2 48. Ra1 Rxb2 49. Rxa4 Rb7 50. Nb4 d4 
51. cxd4 Kg7 52. Nd3 Kxg6 53. g4 Ne4 54. d5 f5 55. gxf5+ Kxf5 56. Rxe4 Kxe4 
57. Nc5+ 1/2-1/2

[Event "Monday 29 January Rapid Engine Tour 12+1 Rounds 9 Starts 1600 ST"]
[Site "Infinity Chess"]
[Date "2018.1.29"]
[Round "1"]
[White "MCDermont"]
[Black "BraveDevil"]
[Result "1/2-1/2"]
[ECO "B97"]
[WhiteElo "2501"]
[BlackElo "2447"]
[WhiteEngine "BrainFish 060118_CTG"]
[BlackEngine "Cryptic AIL V2"]
[EventType "Swiss"]
[WhiteTeam ""]
[BlackTeam ""]
[PlyCount "155"]
[TimeControl "720+1"]

1. e4 c5 2. Nf3 d6 3. d4 cxd4 4. Nxd4 Nf6 5. Nc3 a6 6. Bg5 e6 7. f4 Qb6 
8. Qd2 Qxb2 9. Rb1 Qa3 10. e5 dxe5 11. fxe5 Nfd7 12. Ne4 Qxa2 13. Rd1 h6 
14. Bh4 Qd5 15. Qe3 Qxe5 16. Be2 Bc5 17. Bg3 Bxd4 18. Rxd4 Qa5+ 19. Rd2 O-O 
20. Bd6 f5 21. Bxf8 Nxf8 22. Nd6 Nbd7 23. g4 fxg4 24. O-O Qc5 25. Rd4 b6 
26. Rf2 Qe5 27. Qxe5 Nxe5 28. Nc4 Ned7 29. Bxg4 Rb8 30. Rd6 b5 31. Na5 Rb6 
32. Rc6 Rxc6 33. Nxc6 Bb7 34. Ne7+ Kh7 35. Bf3 Bxf3 36. Rxf3 Ng6 37. Nc6 Kg8 
38. Ra3 Nc5 39. Kf2 Kf7 40. Nb4 Ne5 41. Nxa6 Nxa6 42. Rxa6 Kf6 43. Ra3 Nc4 
44. Ra8 e5 45. Rf8+ Ke6 46. Rg8 Kf6 47. Ke2 Nd6 48. c3 e4 49. h3 g5 50. Rh8 Nf5 
51. Rb8 Nd6 52. Kd2 Ke5 53. Rh8 Nf5 54. Rf8 Kf4 55. Rf6 h5 56. Rf8 h4 57. Ke2 g4 
58. hxg4 Kxg4 59. Rg8+ Kf4 60. Rh8 Ng3+ 61. Ke1 Nf5 62. Kf2 e3+ 63. Ke2 Ng3+ 
64. Ke1 Kg4 65. Rg8+ Kf3 66. Rh8 Nf5 67. Rf8 Ke4 68. Rb8 b4 69. cxb4 Nd4 
70. Ra8 h3 71. Rh8 h2 72. Kd1 Nf3 73. Ke2 Nd4+ 74. Kd1 Kd3 75. Rxh2 e2+ 
76. Rxe2 Nxe2 77. b5 Nc3+ 78. Kc1 1/2-1/2

[Event "Monday Night Engine Tour 13 Rd Swiss 3m+1s Starts at 2200hrs ST"]
[Site "Infinity Chess"]
[Date "2018.1.22"]
[Round "10"]
[White "Victorious"]
[Black "RonWeasley"]
[Result "1/2-1/2 "]
[ECO "C02"]
[WhiteElo "2511"]
[BlackElo "2503"]
[WhiteEngine "BugChess2.41_Release"]
[BlackEngine "BrainFish 130117_CTG"]
[EventType "Swiss"]
[WhiteTeam ""]
[BlackTeam ""]
[PlyCount "179"]
[TimeControl "180+1"]

1. e4 e6 2. d4 d5 3. e5 c5 4. c3 Nc6 5. Nf3 Qb6 6. a3 c4 7. Nbd2 Na5 8. g3 Bd7 
9. h4 O-O-O 10. Bh3 h6 11. O-O Kb8 12. Rb1 Ne7 13. Re1 Rc8 14. Nf1 Qd8 
15. Be3 Rg8 16. N3h2 Qe8 17. Qf3 Ba4 18. Re2 Nec6 19. Qh5 Nb3 20. Nd2 Nba5 
21. Ndf1 Nb3 22. Rbe1 Bb5 23. Nd2 Nca5 24. Bg2 f5 25. Qxe8 Bxe8 26. f4 Be7 
27. Nhf3 Nxd2 28. Rxd2 Kc7 29. Rdd1 b5 30. Kf2 Bh5 31. Rb1 Rb8 32. Ra1 Nb3 
33. Rab1 Na5 34. Ra1 Ra8 35. Nd2 Nc6 36. b3 Rab8 37. Reb1 Rgc8 38. Bf1 Kd7 
39. Nf3 Rb6 40. a4 Na5 41. axb5 Nxb3 42. Rxa7+ Rc7 43. Rxc7+ Kxc7 44. Nd2 Nxd2 
45. Bxd2 Be8 46. Be2 h5 47. Ke3 g6 48. Ra1 Kb7 49. Bd1 Bxb5 50. Ra5 Be8 
51. Bc1 Ra6 52. Rxa6 Kxa6 53. Be2 Ba4 54. Kd2 Bf8 55. Bf3 Be7 56. Bb2 Ka5 
57. Bd1 Bb3 58. Bf3 Ba2 59. Bd1 Kb5 60. Be2 Ka5 61. Bf3 Bb3 62. Ke2 Kb6 
63. Ke3 Kc7 64. Be2 Kc6 65. Kd2 Bf8 66. Bf3 Kb5 67. Be2 Ka6 68. Ke3 Kb5 
69. Bc1 Ka4 70. Kd2 Kb5 71. Bb2 Ka5 72. Bd1 Ka6 73. Be2 Kb5 74. Bf3 Ba2 
75. Bg2 Ka5 76. Bh1 Ka4 77. Bf3 Kb5 78. Bg2 Bb3 79. Bf1 Ka6 80. Ke3 Be7 
81. Kd2 Ba4 82. Be2 Bb3 83. Ke3 Bc2 84. Bf3 Kb5 85. Kd2 Ba4 86. Bd1 Bxd1 
87. Kxd1 Bf8 88. Kc2 Bg7 89. Ba1 Kb6 90. Kd2 1/2-1/2